 Dungeon Crawl Stone Soup version 0.28-a0-724-g66f9036eb4 (webtiles) character file.

Game seed: 3089265931442008716

10581 bande the Cleaver (level 11, 0/67 HPs)
             Began as a Gargoyle Fighter on Oct 26, 2021.
             Was the Champion of Okawaru.
             Slain by a hound (4 damage)
             ... on level 10 of the Dungeon.
             The game lasted 00:20:07 (10191 turns).

bande the Cleaver (Gargoyle Fighter)               Turns: 10191, Time: 00:20:07

Health: 0/67       AC: 23    Str: 22    XL:     11   Next: 64%
Magic:  16/16      EV: 10    Int:  8    God:    Okawaru [******]
Gold:   517        SH: 10    Dex: 11    Spells: 10/10 levels left

rFire   . . .      SeeInvis +   j - +14 obsidian axe {vorpal, Mesm Drain Fly SInv}
rCold   . . .      Faith    .   c - +0 buckler
rNeg    + . .      Spirit   .   b - +0 scale mail
rPois   ∞          Reflect  +   n - +0 helmet
rElec   +          Harm     .   I - scarf {repulsion}
rCorr   +          Rampage  .   (no gloves)
Will    .....                   f - +1 pair of boots
Stlth   ..........              L - amulet of reflection
HPRegen 0.21/turn               h - ring of resist corrosion
MPRegen 0.15/turn               m - +4 ring of protection

@: flying, mesmerised, studying Staves, repel missiles
A: sickness immunity, AC +8, negative energy resistance 1, electricity
resistance, torment resistance 1, petrification resistance
a: Renounce Religion, Heroism, Finesse, Duel


You were on level 10 of the Dungeon.
You worshipped Okawaru.
Okawaru was exalted by your worship.
You visited 1 branch of the dungeon, and saw 10 of its levels.
You also visited: Sewer and Bailey.

You collected 517 gold pieces.

Inventory:

Hand Weapons
 a - a +1 war axe of freezing
 e - a +0 flail
 j - the +14 obsidian axe (weapon) {vorpal, Mesm Drain Fly SInv}
   (You acquired it on level 2 of the Dungeon)

   It inflicts extra damage upon your enemies.
   It occasionally summons demons to assist the wielder when it strikes in
   combat.
   Its wielder is mesmerised by any visible foes.
   It cannot be unequipped while any foes are visible.
   SInv:      It lets you see invisible.
   Fly:       It grants you flight.
   Drain:     It drains your maximum health when unequipped.
Missiles
 E - a throwing net (quivered)
Armour
 b - a +0 scale mail (worn)
 c - a +0 buckler (worn)
 f - a +1 pair of boots (worn)
 n - a +0 helmet (worn)
 C - the +2 ratskin cloak {*Rats rPois rN+ Str-1 Int-1 Dex+1}
   (You found it on level 5 of the Dungeon)

   When the wearer is hurt, rats may emerge from it to assist them.
   Str:       It affects your strength (-1).
   Int:       It affects your intelligence (-1).
   Dex:       It affects your dexterity (+1).
   rPois:     It protects you from poison.
   rN:        It protects you from negative energy.
 D - a +0 kite shield
 I - a scarf of repulsion (worn)
Jewellery
 d - an amulet of faith
 h - a ring of resist corrosion (left hand)
 i - a ring of see invisible
 m - a +4 ring of protection (right hand)
 p - a ring of protection from fire
 x - a ring of protection from fire
 L - an amulet of reflection (around neck)
Wands
 k - a wand of flame (57)
 r - a wand of digging (5)
 v - a wand of iceblast (6)
 M - a wand of mindburst (19)
Scrolls
 q - 2 scrolls of enchant armour
 u - 2 scrolls of fog
 w - a scroll of amnesia
 y - a scroll of silence
 B - 2 scrolls of enchant weapon
 F - a scroll of fear {unknown}
 H - 2 scrolls of teleportation
Potions
 g - a potion of resistance
 l - a potion of invisibility
 o - 3 potions of ambrosia
 s - 3 potions of curing
 t - 2 potions of mutation
 z - 2 potions of magic
 A - 2 potions of cancellation
 G - 2 potions of brilliance
 J - 3 potions of attraction


   Skills:
 + Level 7.4 Fighting
 + Level 10.6 Axes
 + Level 7.8 Armour
 - Level 0.1 Dodging
 + Level 6.1 Shields
 * Level 7.6 Invocations
 * Level 6.1 Evocations


You had 10 spell levels left.
You didn't know any spells.
Your spell library contained the following spells:

 Spells                   Type           Power      Damage    Failure   Level
 Scorch                   Fire           0%         2d5       83%         2
 Slow                     Hex            0%         N/A       83%         2
 Static Discharge         Conj/Air       0%         N/A       83%         2
 Confusing Touch          Hex            0%         N/A       97%         3
 Vampiric Draining        Necr           0%         2d6       97%         3
 Dispel Undead            Necr           0%         3d6       100%        4
 Flame Wave               Conj/Fire      0%         3d3       100%        4
 Sticky Flame             Conj/Fire      0%         2d3       100%        4
 Orb of Destruction       Conj           0%         N/A       100%        7
 Summon Guardian Golem    Hex/Summ       Unusable   N/A       N/A         3
 Summon Cactus Giant      Summ           Unusable   N/A       N/A         6
 Spellforged Servitor     Conj/Summ      Unusable   N/A       N/A         7

Dungeon Overview and Level Annotations

Branches:
Dungeon (10/15)            Temple (0/1) D:6            Lair (0/6) D:10
  Sewer (visited)          Bailey (visited)
    Orc: D:9-12

Altars:
Cheibriados
Fedhas
Hepliaklqana
Nemelex Xobeh
Okawaru
Trog
Vehumet
Xom
Yredelemnul
Zin

Shops:
D:10 !:==

Annotations:
D:6 2 runed translucent doors


Innate Abilities, Weirdness & Mutations

You are immune to sickness and miasma.
Your stone body is resilient. (AC +8)
You are immune to poison.
You resist negative energy. (rN+)
You are resistant to electric shocks. (rElec)
You are resistant to unholy torment.
You are immune to petrification.


Message History

You block the troll's attack. The troll claws you.
* * * LOW HITPOINT WARNING * * *
The yak gores you but does no damage.
You slice the yak!!
You are no longer entranced.
You kill the yak!
Okawaru accepts your kill.
You closely miss the troll. You slice the yak!! You miss the hound.
Visions of slaying the troll flood into your mind.
The hound splashes around in the water.
You block the yak's attack. The troll bites you but does no damage.
You block the troll's attack. The troll claws you.
* * * LOW HITPOINT WARNING * * *
The yak gores you but does no damage. The hound misses you.
You block the troll's attack. x3
You see here a yak corpse.
You closely miss the troll.
The troll is severely wounded.
You slash the hound!
You kill the hound!
Okawaru accepts your kill.
You closely miss the yak. The yak gores you but does no damage.
The troll misses you. The troll claws you.
* * * LOW HITPOINT WARNING * * *
The troll claws you but does no damage. The hound bites you but does no damage.
The yak gores you but does no damage.
You slice the troll!!
You are no longer entranced.
You kill the troll!
Okawaru accepts your kill.
The troll leather armour is intact enough to wear.
You closely miss the hound. You slice the yak!!
You kill the yak!
Okawaru accepts your kill.
Visions of slaying the hound flood into your mind.
The hound barely misses you.
You slash the hound!
The hound is heavily wounded.
The hound bites you but does no damage. The hound bites you.
You die...

..!≈≈≈≈.≈.≈.
...#####...≈≈≈....≈
...#...#..≈≈≈.≈.>..
#####.... ...#.≈..≈≈.....
......#P####.....≈≈≈.≈..≈
......#.#........≈≈≈.≈.≈.
......#)####....†z≈≈≈..≈≈
......#.#..#....@h≈≈≈≈.≈≈
......≈)≈.......[†≈≈≈≈.≈≈
###...≈≈≈....##..≈≈≈≈≈.≈≈
###..).......##...≈≈.≈.≈≈
.............##...≈≈.≈.≈≈
####...(...#.##....≈...≈≈
####.####.##(.........
#..# #.##.......... #.##
.#


You could see a hound (mesmerising) and a wight.

Vanquished Creatures
  A death knight (D:6)
  3 two-headed ogres (D:9)
  Maurice (D:9)
  2 kobold demonologists (D:9)
  4 trolls
  A hornet (D:8)
  A meliai zombie (D:10)
  A wyvern (D:9)
  A vampire (D:10)
  Sigmund (D:4)
  A wraith (D:9)
  14 yaks
  2 steam dragons
  2 water moccasins
  A black bear (D:8)
  2 orc warriors
  2 ice beasts
  A necrophage (D:8)
  3 wolves (D:10)
  2 ogres
  2 centaurs (D:10)
  A kobold brigand (D:8)
  2 bullfrogs
  2 scorpions
  A gnoll sergeant (D:7)
  12 wights
  A howler monkey (D:7)
  An electric eel (D:10)
  A bullfrog zombie (D:6)
  A centaur zombie (D:9)
  4 hounds
  4 jellies
  A gnoll shaman (D:6)
  An orc priest (D:9)
  An iguana (D:6)
  7 orc wizards
  A hell rat (D:5)
  A scorpion zombie (D:5)
  A mummy (D:4)
  9 gnolls
  8 adders
  13 river rats (D:5)
  A shadow imp (D:7)
  2 white imps
  An ufetubus (D:6)
  A worm (D:2)
  3 dart slugs
  22 orcs
  8 bats
  9 endoplasms
  7 giant cockroaches
  7 goblins
  3 hobgoblins
  9 jackals
  2 quokkas
  13 ball pythons
  7 frilled lizards
  23 kobolds
  6 rats
245 creatures vanquished.

Vanquished Creatures (others)
  A centaur zombie (D:10)
  A fungus (D:1)
  17 plants
19 creatures vanquished.

Grand Total: 264 creatures vanquished

Notes
Turn   | Place    | Note
-------+----------+-------------------------------------------
     0 | D:1      | bande the Gargoyle Fighter began the quest for the Orb.
     0 | D:1      | Reached XP level 1. HP: 14/14 MP: 1/1
   520 | D:1      | Reached XP level 2. HP: 19/19 MP: 2/2
   672 | D:1      | Reached skill level 2 in Axes
   763 | D:1      | Found a faded altar of an unknown god.
   901 | D:1      | Reached XP level 3. HP: 23/23 MP: 3/3
  1492 | D:2      | Reached XP level 4. HP: 26/28 MP: 4/4
  1549 | D:2      | Identified a scroll of acquirement
  1549 | D:2      | Acquired the +14 obsidian axe {vorpal, Mesm Drain Fly SInv}
  1549 | D:2      | Found the +14 obsidian axe {vorpal, Mesm Drain Fly SInv}
  1847 | D:3      | Reached skill level 3 in Axes
  1882 | D:3      | Found an iron altar of Okawaru.
  1887 | D:3      | Became a worshipper of Warmaster Okawaru
  2031 | D:4      | Noticed a scorpion
  2034 | D:4      | Killed a scorpion
  2035 | D:4      | Reached skill level 1 in Invocations
  2035 | D:4      | Reached XP level 5. HP: 33/33 MP: 5/5
  2139 | D:4      | Found a sparkling altar of Nemelex Xobeh.
  2261 | D:4      | Noticed a yak
  2261 | D:4      | Noticed a yak
  2261 | D:4      | Noticed a yak
  2266 | D:4      | Killed a yak
  2266 | D:4      | Reached * piety under Okawaru
  2267 | D:4      | Reached skill level 4 in Axes
  2267 | D:4      | Reached skill level 1 in Evocations
  2267 | D:4      | Reached XP level 6. HP: 30/38 MP: 5/7
  2269 | D:4      | Killed a yak
  2270 | D:4      | Killed a yak
  2270 | D:4      | Reached ** piety under Okawaru
  2271 | D:4      | Reached XP level 7. HP: 12/43 MP: 5/8
  2695 | D:3      | Reached skill level 5 in Axes
  3178 | D:4      | Found a snail-covered altar of Cheibriados.
  3220 | D:4      | Found a blossoming altar of Fedhas.
  3252 | D:4      | Noticed Sigmund
  3257 | D:4      | Killed Sigmund
  3258 | D:4      | Reached XP level 8. HP: 48/48 MP: 10/10
  3485 | D:5      | Entered Level 5 of the Dungeon
  3493 | D:5      | Reached *** piety under Okawaru
  3517 | D:5      | Reached skill level 5 in Armour
  3531 | D:5      | Found a glowing drain.
  3546 | Sewer    | Entered a sewer
  4196 | D:5      | Reached skill level 6 in Axes
  4373 | D:5      | Reached skill level 5 in Fighting
  4374 | D:5      | Found the +2 ratskin cloak {*Rats rPois rN+ Str-1 Int-1
                  | Dex+1}
  5064 | D:6      | Found a large runed translucent door.
  5064 | D:6      | Found a large runed translucent door.
  5068 | D:6      | Noticed a death knight
  5068 | D:6      | Noticed a troll
  5074 | D:6      | Noticed a troll
  5086 | D:6      | Killed a troll
  5087 | D:6      | Reached XP level 9. HP: 29/54 MP: 12/12
  5089 | D:6      | Reached **** piety under Okawaru
  5113 | D:6      | Reached skill level 7 in Axes
  5414 | D:6      | Found a large runed translucent door.
  5414 | D:6      | Found a large runed translucent door.
  5429 | D:6      | Killed a troll
  5440 | D:6      | Killed a death knight
  5440 | D:6      | Reached ***** piety under Okawaru
  5441 | D:6      | Reached skill level 5 in Invocations
  5838 | D:6      | Found a shimmering altar of Xom.
  5848 | D:6      | Found a staircase to the Ecumenical Temple.
  6401 | D:7      | Reached skill level 8 in Axes
  6697 | D:7      | Reached XP level 10. HP: 55/60 MP: 14/14
  6812 | D:7      | Received a gift from Okawaru
  7081 | D:8      | Reached skill level 5 in Shields
  7102 | D:8      | Found a bloodstained altar of Trog.
  7768 | D:8      | Received a gift from Okawaru
  8311 | D:8      | Found a radiant altar of Vehumet.
  8480 | D:9      | Reached skill level 9 in Axes
  8529 | D:9      | Noticed a kobold demonologist
  8530 | D:9      | Noticed a kobold demonologist
  8535 | D:9      | Killed a kobold demonologist
  8536 | D:9      | Reached skill level 5 in Evocations
  8542 | D:9      | Killed a kobold demonologist
  8708 | D:9      | Found a flagged portal.
  8708 | D:9      | Noticed a two-headed ogre
  8712 | D:9      | Killed a two-headed ogre
  8734 | Bailey   | Entered a bailey
  8920 | D:9      | Noticed Maurice
  8930 | D:9      | Killed Maurice
  8931 | D:9      | Reached XP level 11. HP: 59/66 MP: 14/16
  8973 | D:9      | Noticed a two-headed ogre
  8979 | D:9      | Killed a two-headed ogre
  9093 | D:9      | Received a gift from Okawaru
  9094 | D:9      | Reached skill level 10 in Axes
  9573 | D:9      | Noticed a two-headed ogre
  9580 | D:9      | Killed a two-headed ogre
  9972 | D:8      | Found a glowing silver altar of Zin.
  9972 | D:8      | Found a basalt altar of Yredelemnul.
  9972 | D:8      | Found a hazy altar of Hepliaklqana.
 10037 | D:10     | Entered Level 10 of the Dungeon
 10064 | D:10     | Found Apuoggihu's Jewellery Shoppe.
 10067 | D:10     | Found Hinaw's Distillery.
 10067 | D:10     | Found Sootumpixe's Book Shoppe.
 10069 | D:10     | Found Wies's Jewellery Shoppe.
 10174 | D:10     | Found a staircase to the Lair.
 10190 | D:10     | Reached ****** piety under Okawaru
 10191 | D:10     | Slain by a hound

Illustrated notes

Levels and vault maps discovered:
D:1:      dpeg_arrival_solitude, layout_basic,
          shapermc_ecumenical_altar_acropolis, lemuel_old_faithful
D:2:      layout_rooms, minmay_small_reverse_x
D:3:      layout_basic, okawaru_metal_pillars_1_2, minmay_misc_feat_room
D:4:      layout_gridville, slow_altar_2, nemelex_diamond_rough_becter,
          fedhas_ov_isle_minmay, uniq_sigmund
D:5:      wander_guarded_unrand_ratskin, layout_basic, portal_sewer_entry_f,
          serial_bayou_pond_c
D:6:      layout_basic, xom_butterflies, minmay_temple_entry_mini_moons,
          minmay_hollow_rounded_squares
D:7:      layout_gridville, serial_bayou_ford_a
D:8:      layout_loops_ring, nicolae_overflow_hidden_temple,
          mainiacjoe_overflow_small_starburst, kennysheep_generic_room_9
D:9:      layout_grid_maze, enter_bailey_7, uniq_maurice
D:10:     layout_basic, erik_lair_island, chequers_serial_rivers_small_3,
          minmay_shop_grid_forest, kb_lookout_dungeons_type, uniq_erica

Skill      XL: |  1  2  3  4  5  6  7  8  9 10 11 |
---------------+----------------------------------+-----
Axes           | 2 3 4 5 6 8 9 10 | 10.6
Armour         | 4 5 6 7 |  7.8
Invocations    | 1 2 3 4 5 6 7 |  7.6
Shields        | 4 5 6 |  6.1
Evocations     | 1 2 3 4 5 6 |  6.1
Fighting       | 4 5 6 7 |  7.4
Dodging        | |  0.1

Action                   |  1- 3 |  4- 6 |  7- 9 | 10-12 || total
-------------------------+-------+-------+-------+-------++-------
Melee: War axe           |    96 |     2 |       |       ||    98
       Broad axe         |       |    25 |   185 |   163 ||   373
  Use: Scroll            |     5 |     7 |    11 |       ||    23
       Potion            |       |       |     3 |     2 ||     5
Armor: Scale mail        |    60 |     8 |   121 |   113 ||   302
Dodge: Dodged            |    46 |    15 |    86 |   104 ||   251
       Repelled          |       |       |       |     1 ||     1
Block: Buckler           |    20 |     7 |    52 |   121 ||   200
       Reflection        |       |       |       |     9 ||     9

Table legend: (Time is in decaauts)
 A = Elapsed time spent in this place.
 B = Non-inter-level travel time spent in this place.
 C = Inter-level travel time spent in this place.
 D = Time resting spent in this place.
 E = Time spent auto-exploring this place.
 F = Levels seen in this place.
 G = Mean time per level.
                   A        B        C        D        E       F      G
               +--------+--------+--------+--------+--------+-----+--------+
         Total |  10323 |  10154 |    169 |   1596 |   6688 |  12 |  860.2 |
       Dungeon |   9830 |   9661 |    169 |   1596 |   6346 |  10 |  983.0 |
         Sewer |    469 |    469 |      0 |      0 |    342 |   1 |  469.0 |
        Bailey |     23 |     23 |      0 |      0 |      0 |   1 |   23.0 |
               +--------+--------+--------+--------+--------+-----+--------+

Top non-repeatable levels by time:
     D:9: 1624 daAuts
     D:8: 1367 daAuts
     D:6: 1283 daAuts
     D:1: 1186 daAuts
     D:4: 1122 daAuts
     D:5: 1027 daAuts
     D:7: 829 daAuts
     D:2: 631 daAuts
     D:3: 604 daAuts
   Sewer: 469 daAuts
    D:10: 155 daAuts
  Bailey: 23 daAuts
